 Dungeon Crawl Stone Soup version 0.21.1-1-g345015f (webtiles) character file.

16 tidbits the Caller (level 2, -3/20 HPs)
             Began as a Gnoll Summoner on Mar 31, 2018.
             Slain by a river rat (8 damage)
             ... in a sewer.
             The game lasted 00:03:33 (390 turns).

tidbits the Caller (Gnoll Summoner)                  Turns: 390, Time: 00:03:34

Health: -3/20      AC:  2    Str: 10    XL:     2   Next: 58%
Magic:  2/7        EV: 14    Int: 17    God:
Gold:   29         SH:  0    Dex: 15    Spells: 9/10 levels left

rFire    . . .     SeeInvis .   e - -1 whip (curse)
rCold    . . .     Gourm    .   (no shield)
rNeg     . . .     Faith    .   a - +0 robe
rPois    .         Spirit   .   (no helmet)
rElec    .         Reflect  .   (no cloak)
rCorr    .         Harm     .   (no gloves)
MR       .....                  (no boots)
Stlth    +++.......             (no amulet)
HPRegen  0.06/turn              (no ring)
MPRegen  0.10/turn              (no ring)

@: no status effects
A: distributed training, fangs 1, strong nose
a: no special abilities


You were in a sewer.
You were not hungry.

You visited 1 branch of the dungeon, and saw 3 of its levels.
You also visited: Sewer.

You collected 29 gold pieces.

Inventory:

Hand Weapons
 e - a cursed -1 whip (weapon)
Missiles
 h - 14 stones (quivered)
Armour
 a - a +0 robe (worn)
Scrolls
 d - a scroll of blinking {unknown}
 f - 4 scrolls of identify {unknown}
 g - a scroll of remove curse {unknown}
 k - a scroll of teleportation {unknown}
 l - a scroll of enchant armour {unknown}
Potions
 i - a potion of lignification {unknown}
 j - a potion of degeneration {unknown}
Books
 b - a book of Callings

   Spells                             Type                      Level
   a - Summon Small Mammal            Summoning                    1
   b - Call Imp                       Summoning                    2
   c - Call Canine Familiar           Summoning                    3
   d - Summon Guardian Golem          Hexes/Summoning              3
   e - Summon Lightning Spire         Summoning/Air                4
   f - Summon Ice Beast               Ice/Summoning                4
Comestibles
 c - 3 rations


   Skills:
 + Level 0.4 Fighting
 + Level 0.4 Short Blades
 + Level 0.4 Long Blades
 + Level 0.4 Axes
 + Level 0.4 Maces & Flails
 + Level 0.4 Polearms
 + Level 0.4 Staves
 + Level 0.4 Slings
 + Level 0.4 Bows
 + Level 0.4 Crossbows
 + Level 0.4 Throwing
 + Level 0.4 Armour
 + Level 4.5 Dodging
 + Level 4.1 Stealth
 + Level 0.4 Shields
 + Level 0.4 Unarmed Combat
 + Level 4.9 Spellcasting
 + Level 0.2 Conjurations
 + Level 0.2 Hexes
 + Level 0.2 Charms
 + Level 7.0 Summonings
 + Level 0.2 Necromancy
 + Level 0.2 Translocations
 + Level 0.2 Transmutations
 + Level 0.2 Fire Magic
 + Level 0.2 Ice Magic
 + Level 0.2 Air Magic
 + Level 0.2 Earth Magic
 + Level 0.2 Poison Magic
 + Level 0.5 Invocations
 + Level 0.4 Evocations


You had 9 spell levels left.
You knew the following spells:

 Your Spells              Type           Power        Failure   Level  Hunger
a - Summon Small Mammal   Summ           ####         1%          1    None


Dungeon Overview and Level Annotations

Branches:
Dungeon (3/15)

Altars:


Innate Abilities, Weirdness & Mutations

Your experience applies equally to all skills.
You have very sharp teeth.
Your uncanny sense of smell can sniff out nearby items.


Message History

Your quokka bites the river rat.
The river rat closely misses your quokka.
You hit the bat.
You kill the bat!
Your bat hits the river rat but does no damage.
Your quokka bites the river rat but does no damage.
The river rat closely misses your quokka.
Casting: Summon Small Mammal
Confirm with . or Enter, or press ? or * to list all spells.
Your bat hits the river rat but does no damage.
Your quokka barely misses the river rat.
The river rat bites your quokka.
Your bat hits the river rat but does no damage.
Your quokka closely misses the river rat.
The river rat barely misses your quokka.
Your quokka closely misses the river rat.
You swap places.
A ball python comes into view.
Your quokka bites the river rat.
The river rat dies!
Found a scroll labeled RAZXIOTHAD.
Found a stone staircase leading down.
Your bat hits the ball python. The ball python misses your bat.
The ball python barely misses your bat.
Your bat hits the ball python.
Your bat barely misses the ball python.
The ball python misses your bat.
The ball python closely misses your bat.
Your bat misses the ball python.
Your bat closely misses the ball python.
The ball python misses your bat. x2
There is a glowing drain here.
Your bat hits the ball python.
The ball python dies!
Your magical contamination has completely faded away.
Your bat disappears in a puff of smoke!
You see here a scroll labeled RAZXIOTHAD.
l - a scroll labeled RAZXIOTHAD Your quokka disappears in a puff of smoke!
There is a glowing drain here.
The world spins around you as you enter the gateway.
You enter a sewer!
There is an empty arch of ancient stone here.
Unknown command.
Found a gate leading back out of this place.
Unknown command.
A river rat comes into view.
A ball python comes into view.
A ball python comes into view.
You enter the shallow water.
Moving in this stuff is going to be slow.
A river rat comes into view.
A rat and a river rat come into view.
A river rat comes into view.
Casting: Summon Small Mammal
Confirm with . or Enter, or press ? or * to list all spells.
The river rat closely misses you. The river rat bites you.
Casting: Summon Small Mammal
Confirm with . or Enter, or press ? or * to list all spells.
The river rat barely misses you. The river rat misses you.
Casting: Summon Small Mammal
Confirm with . or Enter, or press ? or * to list all spells.
Your rat bites the river rat.
The river rat closely misses you. The rat barely misses you.
Your quokka bites the river rat.
The river rat closely misses your rat. The river rat barely misses you.
Your rat bites the river rat but does no damage.
You hit the river rat.
You bite the river rat, but do no damage.
The river rat is heavily wounded.
Your quokka bites the river rat but does no damage.
The rat misses you.
Your quokka bites the river rat but does no damage.
The river rat bites your rat.
Your rat dies!
Your rat's corpse disappears in a puff of smoke!
The river rat bites you!
* * * LOW HITPOINT WARNING * * *
You barely miss the river rat.
The river rat is heavily wounded.
Your quokka barely misses the river rat.
Your quokka bites the river rat.
The rat barely misses you.
Your quokka misses the river rat.
The river rat bites you but does no damage.
You hit the river rat.
You bite the river rat, but do no damage.
The river rat is almost dead.
Your quokka bites the river rat.
The rat barely misses your quokka.
Your quokka barely misses the river rat.
The river rat bites your quokka. The river rat bites your quokka!
Your quokka dies!
Your quokka's corpse disappears in a puff of smoke!
Your quokka misses the river rat.
Casting: Summon Small Mammal
Confirm with . or Enter, or press ? or * to list all spells.
The rat bites your quokka. The river rat bites your quokka.
Your quokka dies!
Your quokka's corpse disappears in a puff of smoke!
The river rat bites you!
You die...

##.........≈≈....
##........≈≈....
##.......≈≈....
##......≈≈≈....
#......≈≈≈≈....
#......≈≈≈≈≈.S#
#..#....≈≈≈≈≈..#
#.###...≈≈≈≈≈...
#∩ #r§@≈≈≈≈≈...
#.rrrr≈≈≈≈...
#....≈≈≈≈≈#..
#.....≈≈≈≈≈# .
#.....≈≈≈≈≈≈#
#......≈≈≈≈≈≈#
#.....≈≈≈≈≈≈≈#
#.....≈≈≈≈≈≈≈.


You could see 3 river rats, a ball python (sleeping), a rat and a friendly
quokka.

Vanquished Creatures
  A leopard gecko (D:2)
  2 hobgoblins
  A bat (D:3)
4 creatures vanquished.

Vanquished Creatures (collateral kills)
  A river rat (D:3)
  2 ball pythons
  A goblin (D:2)
  3 hobgoblins
  A quokka (D:2)
  A bat (D:3)
  2 frilled lizards (D:2)
  A rat (D:2)
12 creatures vanquished.

Grand Total: 16 creatures vanquished

Notes
Turn   | Place    | Note
-------+----------+-------------------------------------------
     0 | D:1      | tidbits the Gnoll Summoner began the quest for the Orb.
     0 | D:1      | Reached XP level 1. HP: 13/13 MP: 6/6
   297 | D:2      | Reached XP level 2. HP: 10/19 MP: 4/7
   338 | D:3      | Found a glowing drain.
   365 | Sewer    | Entered a sewer
   390 | Sewer    | Slain by a river rat

Action                   || total
-------------------------++-------
Melee: Whip              ||    16
       Bite              ||     3
Throw: Stone             ||     1
 Cast: Summon Small Mamm ||    19
Armor: Robe              ||     8
Dodge: Dodged            ||    32

Table legend:
 A = Turns spent in this place as a percentage of turns spent in the entire game.
 B = Non-inter-level travel turns spent in this place as a percentage of non-inter-level travel turns spent in the entire game.
 C = Inter-level travel turns spent in this place as a percentage of turns spent in this place.
 D = Turns resting spent in this place as a percentage of non-inter-level travel turns spent in this place.
 E = Turns spent auto-exploring this place as a percentage of non-inter-level travel turns spent in this place.
 F = Non-inter-level travel turns spent in this place divided by the number of levels of this place that you've seen.
                   A       B       C       D       E      F
               +-------+-------+-------+-------+-------+----------------------
         Total | 100.0 | 100.0 |   0.0 |   0.0 |   0.0 |  97.5
       Dungeon |  93.6 |  93.6 |   0.0 |   0.0 |   0.0 | 121.7
         Sewer |   6.4 |   6.4 |   0.0 |   0.0 |   0.0 |  25.0
               +-------+-------+-------+-------+-------+----------------------

Table legend:
 A = Kills in this place as a percentage of kills in entire the game.
 B = Kills by you in this place as a percentage of kills by you in the entire game.
 C = Kills by friends in this place as a percentage of kills by friends in the entire game.
 D = Other kills in this place as a percentage of other kills in the entire game.
 E = Experience gained in this place as a percentage of experience gained in the entire game.
 F = Experience gained in this place divided by the number of levels of this place that you have seen.
                   A       B       C       D       E      F
               +-------+-------+-------+-------+-------+----------------------
         Total | 100.0 | 100.0 | 100.0 |   N/A | 100.0 |   6.0
       Dungeon | 100.0 | 100.0 | 100.0 |   N/A | 100.0 |   8.0
               +-------+-------+-------+-------+-------+----------------------

Vault maps used:
D:1:      lemuel_arrival_behind_the_door_large
D:2:      guppyfry_early_orc_mine, uniq_sigmund
D:3:      wad_pebble_path, lemuel_coloured_pillars_altar,
          cheibrodos_sewer_entry_sluice, first_ration
Sewer:    sewer_minmay_treatment
